 Dungeon Crawl Stone Soup version 0.30.1-4-g462c640d31 (webtiles) character file.

Game seed: 7722472403317162003

177 boopmooplesden the Covered (level 5, 0/48 HPs)
             Began as an Armataur Fighter on Sept 8, 2023.
             Slain by an ogre
             ... wielding a +0 giant club
              (4 damage)
             ... on level 4 of the Dungeon.
             The game lasted 00:03:19 (3057 turns).

boopmooplesden the Covered (Armataur Fighter)       Turns: 3057, Time: 00:03:20

Health: 0/48       AC: 13    Str: 21    XL:     5   Next: 31%
Magic:  5/5        EV:  6    Int:  8    God:
Gold:   148        SH:  5    Dex: 12    Spells: 4/4 levels left

rFire   . . .        a - +0 long sword
rCold   . . .        c - +0 buckler
rNeg    . . .        n - +0 chain mail
rPois   .            g - +0 helmet
rElec   .            (no cloak)
rCorr   .            p - +2 pair of gloves
SInv    .            (no barding)
Will    .....        (no amulet) Stlth
                     (no ring)
HPRegen 0.28/turn    (no ring)
MPRegen 0.09/turn

%: roll
@: no status effects
A: large, rugged brown scales 3, deformed body, armoured tail, roll, long
tongue, awkward tongue
a: no special abilities


You were on level 4 of the Dungeon.
You visited 1 branch of the dungeon, and saw 4 of its levels.

You collected 148 gold pieces.

Inventory:

Hand Weapons
 a - a +0 long sword (weapon)
Missiles
 m - 4 javelins (quivered)
Armour
 b - a +0 scale mail
 c - a +0 buckler (worn)
 g - a +0 helmet (worn)
 i - a +0 pair of gloves
 n - a +0 chain mail (worn)
 p - a +2 pair of gloves (worn)
Jewellery
 h - an amulet of regeneration
 j - an amulet of reflection
Scrolls
 e - 3 scrolls of enchant weapon {unknown}
 f - 3 scrolls of identify
Potions
 d - 3 potions of might
 k - a potion of resistance {unknown}
 l - a potion of curing
 o - a potion of flight {unknown}
 q - a potion of heal wounds {unknown}


   Skills:
 + Level 3.4 Fighting
 + Level 3.3 Long Blades
 + Level 4.6 Armour
 + Level 0.5 Dodging
 + Level 4.0 Shields


You had 4 spell levels left.
You didn't know any spells.
Your spell library contained the following spells:

 Spells                   Type           Power      Damage    Failure   Level
 Freeze                   Ice            0%         1d3       98%         1
 Blink                    Tloc           0%         N/A       99%         2
 Frozen Ramparts          Ice            0%         1d1       100%        3
 Hailstorm                Conj/Ice       0%         3d3       100%        3
 Manifold Assault         Tloc           0%         N/A       100%        4
 Storm Form               Tmut/Air       0%         N/A       100%        7


Dungeon Overview and Level Annotations

Branches:
Dungeon (4/15)
 Temple: D:4-7

Altars:
Yredelemnul


Innate Abilities, Weirdness & Mutations

You are completely covered in rugged brown scales. (AC +3, +7% HP)
Armour fits poorly on your strangely shaped body.
You have a long armoured tail.
You roll when moving toward enemies. (Rampage)
Your long tongue fully drains potion bottles. (2x potion effects)
Your tongue gives you trouble enunciating. (1.5x scroll delay)


Message History

The dart slug launches a dart at you. The slug dart hits you.
You roll towards the dart slug!
You slash the dart slug! You tail-slap the dart slug.
You kill the dart slug!
You see here a dart slug corpse.
An ogre comes into view. It is wielding a +0 giant club.
An ogre is nearby!
An ogre is nearby!
The ogre shouts!
You see here a +0 dagger.
You roll towards the ogre!
The ogre hits you with a +0 giant club!
You hit the ogre.
The ogre is lightly wounded.
You hit the ogre but do no damage.
The ogre is lightly wounded.
The ogre hits you with a +0 giant club.
You barely miss the ogre.
The ogre is lightly wounded.
The ogre hits you with a +0 giant club!
You slash the ogre!
The ogre is heavily wounded.
The ogre closely misses you.
You slash the ogre!
The ogre is severely wounded.
The ogre hits you with a +0 giant club!
* * * LOW HITPOINT WARNING * * *
You barely miss the ogre.
The ogre is severely wounded.
The ogre closely misses you.
You barely miss the ogre. You tail-slap the ogre.
The ogre is almost dead.
You hit the ogre. You tail-slap the ogre.
The ogre is almost dead.
The ogre hits you with a +0 giant club!
* * * LOW HITPOINT WARNING * * *
You closely miss the ogre.
The ogre is almost dead.
The ogre hits you with a +0 giant club.
You die...

..... ....#
##########.#.#
#............###
#.......##.#...
........##.#.#.####
..>.........###...##
........##.#.#.....##.##
........##.#....O.......
........##...###@##...#.
...........### #.# ...#
.....#####.#####)#....#
....... #.##...†.....#
..##### #.#...#####....
#.#... .. ....# ###. #


You could see an ogre.

Vanquished Creatures
  3 gnolls (D:2)
  6 adders
  5 worms
  3 dart slugs
  10 orcs (D:3)
  8 ball pythons
  7 endoplasms
  2 giant cockroaches (D:1)
  5 goblins
  5 hobgoblins
  A jackal (D:2)
  3 kobolds (D:3)
  4 bats
  3 frilled lizards (D:1)
  2 rats
67 creatures vanquished.

Notes
Turn   | Place    | Note
-------+----------+-------------------------------------------
     0 | D:1      | boopmooplesden the Armataur Fighter began the quest for the
                  | Orb.
     0 | D:1      | Reached XP level 1. HP: 19/19 MP: 1/1
   273 | D:1      | Reached XP level 2. HP: 26/26 MP: 2/2
   877 | D:2      | Reached XP level 3. HP: 33/33 MP: 3/3
  1159 | D:2      | Found a faded altar of an unknown god.
  1488 | D:2      | Reached XP level 4. HP: 12/40 MP: 4/4
  2272 | D:3      | Found a basalt altar of Yredelemnul.
  2434 | D:3      | Reached XP level 5. HP: 43/48 MP: 5/5
  3046 | D:4      | Noticed an ogre
  3057 | D:4      | Slain by an ogre

Illustrated notes

Levels and vault maps discovered:
D:1:      nzn_arrival_settlement, layout_loops_corners, minmay_tromino_i4
D:2:      layout_basic, chequers_ecumenical_altar_simple, st_stairs_10,
          nrook_loot_triangle
D:3:      layout_loops_ring, yredelemnul_altar_generic, st_stairs_4
D:4:      layout_loops_ring, corexii_checkpoint_a, st_stairs_3,
          kennysheep_decorative_pillar, amcnicky_mini_pool_small,
          roderic_malta_cross, minmay_bent

Skill      XL: |  1  2  3  4  5 |
---------------+----------------+-----
Armour         | 4 |  4.6
Long Blades    | 2 3 |  3.3
Fighting       | 3 |  3.4
Shields        | 4 |  4.0
Dodging        | |  0.5

Action                     |  1- 3 |  4- 6 || total
---------------------------+-------+-------++-------
  Melee: Long sword        |    89 |   143 ||   232
         Tailslap          |    11 |    12 ||    23
    Use: Scroll            |     4 |     3 ||     7
 Armour: Scale mail        |    54 |    65 ||   119
         Chain mail        |       |     1 ||     1
  Dodge: Dodged            |    38 |    40 ||    78
  Block: Buckler           |    19 |    25 ||    44
